 Dungeon Crawl Stone Soup version 0.31-a0-705-ga145531891 (webtiles) character file.

Game seed: 6148708663375363355

13399 ooooo the Destroyer (level 12, 0/77 HPs)
             Began as an Octopode Conjurer on Sept 10, 2023.
             Was an Initiate of Gozag.
             Slain by a dire elephant simulacrum (5 damage)
             ... in an ice cave.
             The game lasted 00:50:37 (23844 turns).

ooooo the Destroyer (Octopode Conjurer)            Turns: 23844, Time: 00:50:38

Health: 0/77       AC:  1    Str:  7    XL:     12   Next: 5%
Magic:  0/20       EV: 15    Int: 31    God:    Gozag
Gold:   2392       SH:  0    Dex: 14    Spells: 3/21 levels left

rFire   . . .        a - staff of cold
rCold   + + +        (no shield)
rNeg    . . .        (helmet restricted)
rPois   .            F - amulet "Yngy" {Acrobat Dex+4 SInv}
rElec   .            p - ring of willpower
rCorr   .            v - ring of protection from cold
SInv    +            y - ring of protection from cold
Will    ++...        D - ring of willpower
Stlth   +++++        I - ring of fire
HPRegen 0.32/turn    M - +6 ring of intelligence
MPRegen 0.17/turn    n - ring of ice
                     (no ring)

%: acrobat
@: gold aura, invisible
A: almost no armour, amphibious, 8 rings, camouflage 1, gelatinous body 1,
(nimble swimmer 1), tentacles
a: Renounce Religion, Potion Petition, Call Merchant, Bribe Branch


You were in an ice cave.
You worshipped Gozag.
Gozag was most pleased with you.
You visited 3 branches of the dungeon, and saw 13 of its levels.
You also visited: Bailey and Ice Cave.

You collected 2453 gold pieces.
You paid 61 gold pieces to Gozag.

Inventory:

Hand Weapons
 x - a +4 spear of venom
 z - the +4 dagger "Lotrytitu" {venom, SInv Stlth+}
   (You found it on level 6 of the Dungeon)

   SInv:      It lets you see invisible.
   Stlth+:    It makes you more stealthy.
Missiles
 P - 5 curare-tipped darts
Magical Staves
 a - a staff of cold (weapon)
Jewellery
 n - a ring of ice (on tentacle)
 p - a ring of willpower (left tentacle)
 v - a ring of protection from cold (right tentacle)
 y - a ring of protection from cold (on tentacle)
 D - a ring of willpower (on tentacle)
 F - the amulet "Yngy" (around mantle) {Acrobat Dex+4 SInv}
   (You took it off a gnoll sergeant in a bailey)

   [amulet of the acrobat]

   Acrobat:   It increases your evasion while moving and waiting.
   Dex+4:     It affects your dexterity (+4).
   SInv:      It lets you see invisible.
 I - a ring of fire (on tentacle)
 M - a +6 ring of intelligence (on tentacle)
Wands
 l - a wand of iceblast (14)
 m - a wand of digging (8)
 A - a wand of charming (13)
Scrolls
 d - a scroll of revelation
 e - a scroll of fog
 g - 2 scrolls of fear
 j - a scroll of immolation
 r - 2 scrolls of teleportation
 s - a scroll of vulnerability
Potions
 b - 7 potions of curing
 f - 2 potions of attraction
 i - a potion of invisibility
 k - 3 potions of enlightenment
 o - a potion of lignification {unknown}
 q - 5 potions of haste
 C - a potion of mutation {unknown}
 G - a potion of resistance {unknown}
 J - a potion of heal wounds {unknown}
 K - a potion of might {unknown}
 O - a potion of degeneration {unknown}
Miscellaneous
 E - a phial of floods (inert)


   Skills:
 + Level 5.5 Fighting
 + Level 6.2 Dodging
 + Level 8.8 Stealth
 + Level 5.4 Spellcasting
 * Level 9.1 Conjurations
 - Level 5.2 Hexes
 - Level 2.1 Translocations
 - Level 7.0 Ice Magic
 + Level 7.0 Air Magic
 + Level 4.9 Shapeshifting


You had 3 spell levels left.
You knew the following spells:

 Your Spells              Type           Power      Damage    Failure   Level
a - Searing Ray           Conj           100%       2d8       1%          2
c - Fulminant Prism       Conj/Hex       26%        3d14      2%          4
d - Iskenderun's Mystic   Conj/Tloc      43%        2d10      4%          4
e - Freezing Cloud        Conj/Ice/Air   45%        6-21      6%          5
S - Swiftness             Air            51%        N/A       1%          3

Your spell library contained the following spells:

 Spells                   Type           Power      Damage    Failure   Level
 Magic Dart               Conj           100%       1d8       1%          1
 Ensorcelled Hibernation  Hex/Ice        100%       N/A       1%          2
 Dazzling Flash           Conj/Hex       100%       N/A       1%          3
 Frozen Ramparts          Ice            100%       1d16      1%          3
 Cigotuvi's Dreadful Rot  Necr/Pois/Air  44%        N/A       3%          2
 Passwall                 Tmut/Erth      6%         N/A       8%          2
 Ignite Poison            Fire/Tmut/Pois 12%        N/A       16%         3
 Metabolic Englaciation   Hex/Ice        40%        N/A       12%         5
 Petrify                  Tmut/Erth      8%         N/A       45%         4


Dungeon Overview and Level Annotations

Branches:
Dungeon (11/15) Zot: 20941  Temple (1/1) D:5 Zot: 5973    Lair (1/5) D:11 Zot: 5814
    Orc (0/2) D:10         Bailey (visited)           IceCv (1/1) Zot: 5984

Altars:
Ashenzari
Dithmenos
Elyvilon
Fedhas
Gozag
Hepliaklqana
Kikubaaqudgha
Makhleb
Nemelex Xobeh
Okawaru
Qazlal
Ru
Sif Muna
Trog
Uskayaw
Vehumet
Wu Jian
Xom
Yredelemnul
Zin
The Shining One

Shops:
D:5 (

Annotations:
D:1 1 runed translucent door
D:4 exclusion: 9 doors, Menkaure
D:6 exclusions: orc, orc warrior and wyvern, Jeremiah


Innate Abilities, Weirdness & Mutations

You cannot wear most types of armour.
You are amphibious.
You can wear up to eight rings at the same time.
Your skin changes colour to match your surroundings (Stealth+).
Your rubbery body absorbs attacks. (AC +1, EV +1)
((You are camouflaged when in or above water. (Stealth+)))
You have tentacles for arms and can constrict up to eight enemies at once.


Message History

The torrent of water hits the dire elephant simulacrum.
The dire elephant simulacrum is heavily damaged.
The dire elephant simulacrum is knocked back by the torrent of water.
The wave splashes down.
Aiming: Throw Flame
Press: ? - help, Shift-Dir - straight line, f/p - dire elephant simulacrum
Aim: a dire elephant simulacrum (heavily damaged, 100% to hit)
The puff of flame hits the dire elephant simulacrum but does no damage.
The dire elephant simulacrum is heavily damaged.
The now-empty wand crumbles to dust.
The dire elephant simulacrum is engulfed in a cloud of scalding steam.
The dire elephant simulacrum is engulfed in a cloud of scalding steam.
The dire elephant simulacrum tramples you!
You stumble backwards!
Unknown command.
Casting: Fulminant Prism (dangerous; 2% risk of failure)
Confirm with . or Enter, or press ? or * to list all spells.
Aiming: Searing Ray (safe; 1% risk of failure)
Press: ? - help, Shift-Dir - straight line, f/p - dire elephant simulacrum
Aim: a dire elephant simulacrum (almost destroyed, 100% to hit)
The searing ray hits the dire elephant simulacrum but does no damage.
The dire elephant simulacrum is almost destroyed. (Press . to maintain the ray.) Unknown command.
Without enough magic to sustain it, your searing ray dissipates.
The dire elephant simulacrum tramples you!!
You hold your ground!
The dire elephant simulacrum barely misses you.
Unknown command.
Okay, then.
You fade into invisibility!
The dire elephant simulacrum tramples you!!
* * * LOW HITPOINT WARNING * * *
You hold your ground!
The dire elephant simulacrum trunk-slaps you!
* * * LOW HITPOINT WARNING * * *
The dire elephant simulacrum freezes you.
You resist.
You die...
Your body crumbles into a pile of gold.

### ...###
......#
.......##
........##
.8...§~..#
.....$§..#
$...$~.Z∩#
.....$$.@#
.8.......#
........##
.......##
......#
...### ###


You could see a dire elephant simulacrum (unable to see you).

Vanquished Creatures
  An ice dragon (D:11)
  A two-headed ogre (D:9)
  A death yak (D:11)
  A cyclops (D:11)
  2 manticores (D:11)
  3 ugly things
  An ice statue (D:11)
  A kobold demonologist (D:11)
  An unseen horror (D:11)
  A rime drake (D:11)
  3 ice devils
  A polar bear (D:11)
  2 trolls
  A hornet (D:9)
  2 wyverns
  A wraith (D:10)
  4 yaks (D:11)
  A shadow (D:7)
  A steam dragon (D:9)
  An acid dragon (D:8)
  A water moccasin (D:5)
  An ice beast (D:6)
  3 black bears
  2 orc warriors (D:10)
  A centaur (D:9)
  A phantom (D:6)
  9 wolves
  An ogre (D:5)
  A kobold brigand (D:9)
  2 bullfrogs
  13 gnoll sergeants
  4 scorpions
  2 cane toad simulacra
  2 two-headed ogre simulacra (D:11)
  9 wights
  An elephant simulacrum (D:11)
  A howler monkey (D:11)
  7 hounds
  6 gnoll boudas
  8 orc priests
  3 jellies
  2 iguanas (D:5)
  12 orc wizards
  3 polar bear simulacra
  A wolf simulacrum (D:11)
  4 adders
  33 gnolls
  A naga simulacrum (D:11)
  A shadow imp (D:7)
  A white imp (D:8)
  An ufetubus (D:6)
  2 worms (D:2)
  2 dart slugs (D:2)
  57 orcs
  4 bats
  9 endoplasms
  4 giant cockroaches
  6 goblins
  9 hobgoblins
  12 kobolds
  4 quokkas
  4 ball pythons
  5 frilled lizards
  5 rats
290 creatures vanquished.

Vanquished Creatures (others)
  A komodo dragon (D:11)
  A hound (Bailey)
  100 fulminant prisms
102 creatures vanquished.

Grand Total: 392 creatures vanquished

Notes
Turn   | Place    | Note
-------+----------+-------------------------------------------
     0 | D:1      | ooooo the Octopode Conjurer began the quest for the Orb.
     0 | D:1      | Reached XP level 1. HP: 11/11 MP: 3/3
     1 | D:1      | Found a runed translucent door.
   474 | D:1      | Reached XP level 2. HP: 17/17 MP: 5/5
   494 | D:1      | Learned a level 2 spell: Searing Ray
   872 | D:1      | Reached XP level 3. HP: 21/21 MP: 6/6
  2038 | D:2      | Reached XP level 4. HP: 27/27 MP: 7/7
  2600 | D:3      | Reached skill level 1 in Hexes
  2779 | D:3      | Reached skill level 1 in Shapeshifting
  3219 | D:3      | Found a bloodstained altar of Trog.
  3219 | D:3      | Found an ornate altar of the Wu Jian Council.
  3220 | D:3      | Found a glowing golden altar of the Shining One.
  3406 | D:4      | Reached skill level 1 in Fighting
  3406 | D:4      | Reached XP level 5. HP: 28/33 MP: 8/8
  3716 | D:4      | Reached XP level 6. HP: 24/38 MP: 4/10
  3720 | D:4      | Reached skill level 5 in Conjurations
  4203 | D:4      | Found a stormy altar of Qazlal.
  4203 | D:4      | Noticed Menkaure
  4209 | D:3      | Found a shimmering blue altar of Sif Muna.
  4209 | D:3      | Found a glowing silver altar of Zin.
  4390 | D:5      | Entered Level 5 of the Dungeon
  4508 | D:5      | Found a staircase to the Ecumenical Temple.
  4523 | Temple   | Entered the Ecumenical Temple
  4536 | Temple   | Became a worshipper of Gozag Ym Sagoz the Greedy
  4609 | D:5      | Noticed a black bear
  4627 | D:5      | Killed a black bear
  4628 | D:5      | Reached XP level 7. HP: 31/45 MP: 2/11
  5351 | D:5      | Reached skill level 5 in Stealth
  5714 | D:5      | Found Boysolo's Weapon Shoppe.
  5994 | D:5      | Reached skill level 6 in Conjurations
  5994 | D:5      | Reached XP level 8. HP: 51/51 MP: 11/13
  5999 | D:5      | Learned a level 4 spell: Fulminant Prism
  7276 | D:6      | Identified the +4 dagger "Lotrytitu" {venom, SInv Stlth+}
  7617 | D:6      | Noticed Jeremiah
  7978 | D:6      | Noticed a wyvern
  8067 | D:6      | Reached XP level 9. HP: 57/57 MP: 13/15
  8304 | D:7      | Reached skill level 7 in Conjurations
  8676 | D:7      | Found a flagged portal.
  8758 | Bailey   | Entered a bailey
 10083 | Bailey   | Reached skill level 5 in Dodging
 10490 | Bailey   | Identified the +3 mace of the Median {antimagic, rC+ Str+3
                  | Int+3}
 11290 | Bailey   | Identified the amulet "Yngy" {Acrobat Dex+4 SInv}
 12679 | Bailey   | Reached skill level 8 in Conjurations
 12679 | Bailey   | Reached XP level 10. HP: 30/65 MP: 12/17
 13612 | D:7      | Learned a level 4 spell: Iskenderun's Mystic Blast
 14458 | D:8      | Reached skill level 1 in Translocations
 15007 | D:9      | Reached skill level 5 in Fighting
 15007 | D:9      | Reached skill level 5 in Spellcasting
 15366 | D:9      | Noticed a two-headed ogre
 16530 | D:9      | Killed a two-headed ogre
 16531 | D:9      | Reached skill level 5 in Hexes
 17558 | D:9      | Found an iron altar of Okawaru.
 17582 | D:9      | You fall into a shaft and drop 2 floors!
 17586 | D:10     | Entered Level 10 of the Dungeon
 18180 | D:10     | Reached skill level 9 in Conjurations
 18417 | D:10     | Reached skill level 1 in Air Magic
 18447 | D:10     | Reached skill level 1 in Ice Magic
 18486 | D:10     | Found a staircase to the Orcish Mines.
 18509 | D:10     | Reached XP level 11. HP: 72/72 MP: 3/19
 18913 | D:11     | Noticed an ice dragon
 19145 | D:11     | Noticed a manticore
 19160 | D:11     | Killed a manticore
 19307 | D:11     | Noticed a cyclops
 19318 | D:11     | Killed a cyclops
 19583 | D:11     | Learned a level 5 spell: Freezing Cloud
 19628 | D:11     | Noticed a manticore
 19632 | D:11     | Killed a manticore
 20537 | D:11     | Noticed a white ugly thing
 20545 | D:11     | Killed a white ugly thing
 20969 | D:11     | Found a staircase to the Lair.
 21004 | D:11     | Reached skill level 5 in Ice Magic
 21004 | D:11     | Reached skill level 5 in Air Magic
 21490 | D:11     | Killed an ice dragon
 21763 | D:11     | Noticed a red ugly thing
 21772 | D:11     | Killed a red ugly thing
 22363 | D:11     | Noticed a death yak
 22810 | D:11     | Killed a death yak
 23506 | D:11     | Identified the orb of the Circus Animal {*Rage, rN+}
 23639 | D:11     | Learned a level 3 spell: Swiftness
 23643 | Lair:1   | Entered Level 1 of the Lair of Beasts
 23696 | Lair:1   | Found a frozen archway.
 23712 | Lair:1   | Reached XP level 12. HP: 41/77 MP: 1/20
 23829 | IceCv    | Entered an ice cave
 23844 | IceCv    | Slain by a dire elephant simulacrum

Illustrated notes

Levels and vault maps discovered:
D:1:      dpeg_arrival_caged_fury, layout_basic
D:2:      layout_basic, serial_forest, infiniplex_forest_lined_1,
          infiniplex_forest_corner_1, infiniplex_forest_lined_corner,
          infiniplex_forest_lined_3, infiniplex_forest_clump_curved,
          infiniplex_forest_clump_large, minmay_heptomino_o4
D:3:      layout_basic, nicolae_overflow_hidden_temple, fountainhead,
          minmay_misc_feat_roman
D:4:      layout_basic, mainiacjoe_overflow_big_doors, uniq_menkaure
D:5:      layout_layer_cave, minmay_temple_entry_slanted, serial_shops, shop,
          chequers_jeans
D:6:      layout_basic, dreamdust_gnoll_farm, uniq_jeremiah
D:7:      layout_basic, enter_bailey_3, serial_bayou_pond_d,
          kennysheep_generic_room_9
D:8:      layout_basic
D:9:      layout_rooms, kennysheep_little_box
D:10:     layout_rooms, hiddenorc2_lemuel
D:11:     dreamdust_isle_of_ice, layout_basic, lair_entry_dummy, st_stairs_7
Temple:   nicolae_temple_ecumenical_triangle
Lair:1:   layout_gridlike, portal_ice_cave_demonic_guard
IceCv:    ice_cave_statue_garden_transporter

Skill      XL: |  1  2  3  4  5  6  7  8  9 10 11 12 |
---------------+-------------------------------------+-----
Stealth        | 3 4 5 6 7 8 |  8.8
Hexes          | 1 2 3 4 5 |  5.2
Shapeshifting  | 1 2 3 4 |  4.9
Fighting       | 1 2 3 4 5 |  5.5
Dodging        | 3 4 5 6 |  6.2
Conjurations   | 5 6 8 9 |  9.1
Spellcasting   | 3 4 5 |  5.4
Translocations | 2 |  2.1
Air Magic      | 1 6 7 |  7.0
Ice Magic      | 1 6 7 |  7.0

Action                     |  1- 3 |  4- 6 |  7- 9 | 10-12 || total
---------------------------+-------+-------+-------+-------++-------
  Melee: Dagger            |    85 |    45 |    69 |    90 ||   289
         Unarmed           |     3 |       |       |       ||     3
         Constrict         |    16 |     5 |    14 |    34 ||    69
         Tentacles         |    12 |     4 |    19 |    29 ||    64
         Punch             |     1 |       |       |     1 ||     2
         Spear             |       |       |     8 |       ||     8
         Staff             |       |       |       |     1 ||     1
  Throw: Throwing net      |       |     1 |       |       ||     1
   Cast: Magic Dart        |     9 |       |       |       ||     9
         Searing Ray       |     4 |    14 |    92 |    16 ||   126
         Fulminant Prism   |       |       |     5 |    95 ||   100
         Iskenderun's Myst |       |       |       |    20 ||    20
         Freezing Cloud    |       |       |       |     8 ||     8
  Evoke: Wand              |       |       |     4 |    12 ||    16
         Phial of floods   |       |       |       |     3 ||     3
    Use: Scroll            |       |       |     1 |    20 ||    21
         Potion            |       |       |       |     2 ||     2
   Stab: Sleeping          |    13 |     9 |     5 |     4 ||    31
         Distracted        |       |       |     1 |       ||     1
 Armour: Skin              |    27 |    38 |   109 |    82 ||   256
  Dodge: Dodged            |    38 |    27 |   254 |   121 ||   440

Table legend: (Time is in decaauts)
 A = Elapsed time spent in this place.
 B = Non-inter-level travel time spent in this place.
 C = Inter-level travel time spent in this place.
 D = Time resting spent in this place.
 E = Time spent auto-exploring this place.
 F = Levels seen in this place.
 G = Mean time per level.
                   A        B        C        D        E       F      G
               +--------+--------+--------+--------+--------+-----+--------+
         Total |  23851 |  23159 |    692 |  10137 |   9749 |  15 | 1590.1 |
       Dungeon |  18921 |  18253 |    668 |   6403 |   9553 |  11 | 1720.1 |
        Temple |     26 |      2 |     24 |      0 |      0 |   1 |   26.0 |
          Lair |    185 |    185 |      0 |     92 |      0 |   1 |  185.0 |
        Bailey |   4703 |   4703 |      0 |   3642 |    196 |   1 | 4703.0 |
      Ice Cave |     14 |     14 |      0 |      0 |      0 |   1 |   14.0 |
               +--------+--------+--------+--------+--------+-----+--------+

Top non-repeatable levels by time:
  Bailey: 4703 daAuts
    D:11: 4085 daAuts
     D:8: 2996 daAuts
     D:5: 2583 daAuts
    D:10: 1606 daAuts
     D:1: 1303 daAuts
     D:6: 1245 daAuts
     D:2: 1114 daAuts
     D:7: 1105 daAuts
     D:4: 1040 daAuts
     D:3: 930 daAuts
     D:9: 909 daAuts
  Lair:1: 185 daAuts
  Temple: 26 daAuts
   IceCv: 14 daAuts
